 Dungeon Crawl Stone Soup version 0.31-a0-174-g85c54bcb58 (webtiles) character file.

Game seed: 1114281190341964969

340 Moral the Covert (level 6, 0/56 HPs)
             Began as a Naga Brigand on June 15, 2023.
             Slain by an orc priest
             ... wielding a +0 trident
              (4 damage)
             ... on level 4 of the Dungeon.
             The game lasted 00:11:44 (3045 turns).

Moral the Covert (Naga Brigand)                     Turns: 3045, Time: 00:11:45

Health: 0/56       AC:  5    Str: 14    XL:     6   Next: 56%
Magic:  6/6        EV: 10    Int: 17    God:
Gold:   185        SH:  0    Dex: 14    Spells: 5/5 levels left

rFire   . . .        n - +4 dagger of Mixzosicw {pain, *Slow Int+6 SInv}
rCold   . . .        (no shield)
rNeg    . . .        b - +0 robe
rPois   +            a - +0 helmet
rElec   .            c - +0 cloak
rCorr   .            (no gloves)
SInv    +            (no barding)
Will    .....        (no amulet)
Stlth   ++++         (no ring)
HPRegen 0.29/turn    (no ring)
MPRegen 0.10/turn

%: slow self (1%)
@: weak-willed, very slow
A: AC +2, large, see invisible, deformed body, poison resistance, slowness 2,
spit poison 1, naga tail 1
a: Spit Poison


You were on level 4 of the Dungeon.
You visited 1 branch of the dungeon, and saw 4 of its levels.

You collected 185 gold pieces.

Inventory:

Hand Weapons
 n - the +4 dagger of Mixzosicw (weapon) {pain, *Slow Int+6 SInv}
   (You found it on level 3 of the Dungeon)

   Int:       It affects your intelligence (+6).
   SInv:      It lets you see invisible.
   *Slow:     It may slow you when you take damage.
Missiles
 s - 3 poisoned darts
Armour
 a - a +0 helmet (worn)
 b - a +0 robe (worn)
 c - a +0 cloak (worn)
Jewellery
 i - a ring of flight
 l - an amulet of guardian spirit
Scrolls
 d - 2 scrolls of identify {unknown}
 e - a scroll of vulnerability
 g - a scroll of noise {unknown}
 o - a scroll of torment {unknown}
 q - a scroll of fear {unknown}
 r - a scroll of revelation {unknown}
 t - a scroll of fog {unknown}
 u - 3 scrolls of immolation {unknown}
Potions
 f - 2 potions of curing {unknown}
 h - a potion of degeneration {unknown}
 j - a potion of resistance {unknown}
 k - 2 potions of heal wounds {unknown}
 m - a potion of enlightenment {unknown}
 p - a potion of berserk rage {unknown}
 v - a potion of cancellation {unknown}


   Skills:
 + Level 3.1 Fighting
 * Level 4.2 Short Blades
 - Level 1.7 Throwing
 + Level 2.1 Dodging
 * Level 8.3 Stealth
 + Level 0.2 Necromancy


You had 5 spell levels left.
You didn't know any spells.
Your spell library contained the following spells:

 Spells                   Type           Power      Damage    Failure   Level
 Blink                    Tloc           0%         N/A       34%         2
 Lesser Beckoning         Tloc           0%         N/A       34%         2
 Momentum Strike          Conj/Tloc      0%         3d8       34%         2
 Static Discharge         Conj/Air       0%         2-2/arc   34%         2
 Dazzling Flash           Conj/Hex       0%         N/A       56%         3
 Vhi's Electric Charge    Tloc/Air       0%         N/A       56%         3
 Volatile Blastmotes      Fire/Tloc      0%         2d10      56%         3
 Anguish                  Hex/Necr       0%         N/A       92%         4
 Airstrike                Air            0%         2d(0-16)  93%         4
 Cause Fear               Hex            0%         N/A       93%         4
 Iskenderun's Mystic Bla  Conj/Tloc      0%         2d3       93%         4
 Summon Lightning Spire   Summ/Air       0%         N/A       93%         4
 Arcjolt                  Conj/Air       0%         1d10      100%        5
 Starburst                Conj/Fire      0%         6d3       100%        6
 Enfeeble                 Hex            0%         N/A       100%        7
 Maxwell's Capacitive Co  Air            0%         ∞         100%        8


Dungeon Overview and Level Annotations

Branches:
Dungeon (4/15)
 Temple: D:4-7

Altars:
Xom


Innate Abilities, Weirdness & Mutations

Your serpentine skin is tough. (AC +2)
You have supernaturally acute eyesight. (SInv)
Armour fits poorly on your strangely shaped body.
Your system is resistant to poisons. (rPois)
You cover ground very slowly.
You can spit poison.
You have a snake-like lower body.


Message History

The orc priest closely misses you. The orc priest barely misses you.
Unknown command.
You hit the orc priest but do no damage.
The orc priest is heavily wounded.
The orc priest calls down the wrath of Beogh upon you.
Beogh smites you!
The orc priest hits you from afar with a +0 trident.
You hit the orc priest.
The orc priest is severely wounded.
The orc priest hits you with a +0 mace.
The orc priest invokes the aid of Beogh against you.
Beogh smites you!
* * * LOW HITPOINT WARNING * * *
Unknown command.
You hit the orc priest.
The orc priest is almost dead.
The orc priest hits you with a +0 mace.
* * * LOW HITPOINT WARNING * * *
The orc priest hits you from afar with a +0 trident.
* * * LOW HITPOINT WARNING * * *
Okay, then.
You closely miss the orc priest.
The orc priest is almost dead.
Unknown command.
You hit the orc priest but do no damage.
The orc priest is almost dead.
The orc priest hits you with a +0 mace!
* * * LOW HITPOINT WARNING * * *
The orc priest looks satisfied for a moment.
Unknown command.
As you read the scroll labelled ZAREARINOI, it crumbles to dust.
Magic quickly surges around you.
It was a scroll of vulnerability.
The orc priest closely misses you. The iguana closely misses you.
The orc priest hits you but does no damage.
You hit the orc priest.
You kill the orc priest!
The iguana misses you. The orc priest misses you.
You hit the iguana but do no damage. The iguana barely misses you.
The orc priest hits you from afar with a +0 trident.
You die...

#.##.#
#.##.##.##########
#######.##.
#...........
...........
###########.
...)..... #.......
......... #.######
.......o# #.#
......l.#########.###
......)@............#
.......##########.#.#
####### #......#.#
#.###### #


You could see an iguana (weak-willed) and an orc priest (weak-willed).

Vanquished Creatures
  Sigmund (D:3)
  An orc priest (D:4)
  An orc wizard (D:3)
  5 adders
  A worm (D:4)
  2 dart slugs (D:3)
  6 orcs
  6 endoplasms
  4 giant cockroaches
  4 goblins
  4 hobgoblins
  3 jackals (D:1)
  3 quokkas
  9 ball pythons
  5 bats
  A frilled lizard (D:1)
  2 kobolds (D:3)
  3 rats
61 creatures vanquished.

Notes
Turn   | Place    | Note
-------+----------+-------------------------------------------
     0 | D:1      | Moral the Naga Brigand began the quest for the Orb.
     0 | D:1      | Reached XP level 1. HP: 19/19 MP: 1/1
    91 | D:1      | Reached skill level 6 in Stealth
   105 | D:1      | Reached XP level 2. HP: 3/26 MP: 2/2
   343 | D:1      | Reached skill level 1 in Dodging
   807 | D:1      | Reached XP level 3. HP: 32/32 MP: 3/3
  1248 | D:2      | Found a shimmering altar of Xom.
  1614 | D:3      | Identified the +4 dagger of Mixzosicw {pain, *Slow Int+6
                  | SInv}
  1779 | D:3      | Reached XP level 4. HP: 36/40 MP: 4/4
  1982 | D:3      | Reached skill level 7 in Stealth
  2220 | D:3      | Noticed Sigmund
  2223 | D:3      | Killed Sigmund
  2224 | D:3      | Reached skill level 8 in Stealth
  2224 | D:3      | Reached XP level 5. HP: 49/49 MP: 5/5
  2224 | D:3      | Reached XP level 6. HP: 56/56 MP: 6/6
  3045 | D:4      | Slain by an orc priest

Illustrated notes

Levels and vault maps discovered:
D:1:      dpeg_arrival_signposts, layout_loops_ring, minivault_14,
          hangedman_feature_mirror, chequers_arboretum
D:2:      layout_rooms, basic_altar
D:3:      layout_loops_corners, palyth_stone_intersect, uniq_sigmund
D:4:      layout_basic, mainiacjoe_overflow_alcove_2, minitemple,
          minmay_temple_entry_hall, minmay_bisected, uniq_ijyb

Skill      XL: |  1  2  3  4  5  6 |
---------------+-------------------+-----
Stealth        | 6 8 |  8.3
Dodging        | 1 2 |  2.1
Short Blades   | 3 4 |  4.2
Fighting       | 3 |  3.1
Throwing       | |  1.7
Necromancy     | |  0.2

Action                     |  1- 3 |  4- 6 || total
---------------------------+-------+-------++-------
  Melee: Dagger            |    80 |    85 ||   165
         Punch             |     1 |       ||     1
Ability: Spit Poison       |     1 |     1 ||     2
    Use: Scroll            |       |     1 ||     1
   Stab: Sleeping          |    15 |     8 ||    23
         Distracted        |       |     1 ||     1
 Armour: Robe              |    20 |    25 ||    45
  Dodge: Dodged            |    35 |    42 ||    77

Table legend: (Time is in decaauts)
 A = Elapsed time spent in this place.
 B = Non-inter-level travel time spent in this place.
 C = Inter-level travel time spent in this place.
 D = Time resting spent in this place.
 E = Time spent auto-exploring this place.
 F = Levels seen in this place.
 G = Mean time per level.
                   A        B        C        D        E       F      G
               +--------+--------+--------+--------+--------+-----+--------+
         Total |   3849 |   3688 |    161 |    640 |   2292 |   4 |  962.2 |
       Dungeon |   3849 |   3688 |    161 |    640 |   2292 |   4 |  962.2 |
               +--------+--------+--------+--------+--------+-----+--------+

Top non-repeatable levels by time:
     D:3: 1569 daAuts
     D:1: 1412 daAuts
     D:2: 605 daAuts
     D:4: 262 daAuts
